 Dungeon Sprint DCSS version 0.17-a0-1646-geb1493d (webtiles) character file.

1195 Kidiri the Covert (level 8, -14/36 HPs)
             Began as a Spriggan Enchanter on Aug 10, 2015.
             Was a High Priest of Dithmenos.
             Killed from afar by a merfolk aquamancer (33 damage)
             ... with a great wave of water
             ... in the Dungeon (Sprint VII: "The Pits").
             The game lasted 00:07:04 (1629 turns).

Kidiri the Covert (Spriggan Enchanter)              Turns: 1629, Time: 00:07:04

Health: -14/36     AC:  3    Str:  4    XL:     8   Next: 20%
Magic:  18/22      EV: 28    Int: 17    God:    Dithmenos [*****.]
Gold:   0          SH:  0    Dex: 18    Spells: 5 memorised, 14 levels left

rFire  . . .     SeeInvis +     p - +2 dagger (drain)
rCold  . . .     Clarity  .     b - +1 robe
rNeg   . . .     SustAt   .     (shield restricted)
rPois  .         Gourm    .     (helmet restricted)
rElec  .         Spirit   .     (no cloak)
rCorr  .         Warding  .     (gloves unavailable)
rMut   .         NoTele   +     (boots unavailable)
MR     +....                    (no amulet)
Stlth  +++++++++.               (no ring)
                                (no ring)

@: exhausted, slowed, wreathed by umbra, quick, somewhat resistant to hostile
enchantments, incredibly stealthy
A: unfitting armour, see invisible, herbivore 3, speed 3, slow metabolism 2
a: Shadow Step, Shadow Form, Renounce Religion


You were in the Dungeon.
You worshipped Dithmenos.
Dithmenos was extremely pleased with you.
You were hungry.

You visited 1 branch

Inventory:

Hand weapons
 p - a +2 dagger of draining (weapon)
Armour
 b - a +1 robe (worn)
Scrolls
 j - a scroll of blinking
 m - 3 scrolls of remove curse
 n - 5 scrolls of amnesia
 o - a scroll of summoning
Potions
 e - 5 potions of curing
 f - 4 potions of heal wounds
 g - a potion of haste
 h - 3 potions of magic
 i - 2 potions of berserk rage
 l - 2 potions of invisibility
Books
 c - a book of Maledictions

   Spells                             Type                      Level
   a - Corona                         Hexes                        1
   b - Ensorcelled Hibernation        Hexes/Ice                    2
   c - Confuse                        Hexes                        3
   d - Tukima's Dance                 Hexes                        3
   e - Dazzling Spray                 Conjuration/Hexes            3
Comestibles
 a - 40 fruits
 d - 8 bread rations


   Skills:
 + Level 6.0 Short Blades
 * Level 11.5 Dodging
 * Level 12.7 Stealth
 * Level 9.7 Spellcasting
 + Level 3.3 Conjurations
 + Level 7.6 Hexes
 + Level 4.3 Ice Magic
 + Level 5.2 Invocations


You had 14 spell levels left.
You knew the following spells:

 Your Spells              Type           Power        Failure   Level  Hunger
a - Corona                Hex            ####...      1%          1    None
b - Ensorcelled Hibernat  Hex/Ice        ####..       1%          2    None
c - Confuse               Hex            ####....     1%          3    None
d - Tukima's Dance        Hex            ####....     1%          3    None
e - Dazzling Spray        Conj/Hex       ####....     3%          3    None


Dungeon Overview and Level Annotations

Branches:
Dungeon (1/1)

Altars:
Ashenzari
Cheibriados
Dithmenos
Elyvilon
Fedhas
Gozag
Kikubaaqudgha
Makhleb
Nemelex Xobeh
Okawaru
Qazlal
Ru
Sif Muna
Trog
Vehumet
Xom
Yredelemnul
Zin
The Shining One
Beogh
Jiyva
Lugonu


Innate Abilities, Weirdness & Mutations

You are tiny and cannot use many weapons and most armour.
You have supernaturally acute eyesight.
You are a herbivore.
You cover ground extremely quickly.
You need consume almost no food.


Message History

Casting: Ensorcelled Hibernation
Confirm with . or Enter, or press ? or * to list all spells.
Aiming: Ensorcelled Hibernation
Press: ? - help, Shift-Dir - straight line, f - merfolk aquamancer
Aim: a merfolk aquamancer, wielding a rapier of venom and wearing a robe (umbra, chance to defeat MR: 12%)
The merfolk aquamancer resists with almost no effort.
The merfolk aquamancer points at you and mumbles some strange words.
The shard of ice misses you.
Casting: Ensorcelled Hibernation
Confirm with . or Enter, or press ? or * to list all spells.
Aiming: Ensorcelled Hibernation
Press: ? - help, Shift-Dir - straight line, f/p - merfolk aquamancer
Aim: a merfolk aquamancer, wielding a rapier of venom and wearing a robe (umbra, chance to defeat MR: 12%)
The merfolk aquamancer resists with almost no effort.
Your shadow mimicks your spell!
The merfolk aquamancer resists with almost no effort.
The merfolk aquamancer points at you and mumbles some strange words.
The great wave of water hits you!
Ouch! That really hurt!
You die...

#.#...)))[.##.......#
#'###########.......#
#.......#).##########
#...#...#.######
#...#...#.#g...#
#.##.##.#+#gE..#
#...#...#.moog.+
#...#...#m#oo..#
#.......@)#o...#
################


You could see a merfolk aquamancer, a merfolk, a water elemental, an orc
warrior, a gnoll sergeant and a gnoll.

Vanquished Creatures
  An orange demon (D)
  A flying skull (D)
  A deep elf fighter (D)
  A water elemental (D)
  An ice beast (D)
  A phantom (D)
  A centaur (D)
  An orc priest (D)
  An orc wizard (D)
  A worker ant (D)
  2 river rats (D)
  2 gnolls (D)
  2 giant eyeballs (D)
  3 ufetubi (D)
  2 giant geckos (D)
  2 orcs (D)
  2 ball pythons (D)
  A giant cockroach (D)
  A hobgoblin (D)
27 creatures vanquished.

Notes
Turn   | Place    | Note
--------------------------------------------------------------
     0 | D        | Kidiri the Spriggan Enchanter began the quest for the Orb.
     0 | D        | Reached XP level 1. HP: 9/9 MP: 5/5
    28 | D        | Reached skill level 5 in Stealth
    28 | D        | Reached XP level 2. HP: 13/13 MP: 4/7
    34 | D        | Learned a level 2 spell: Ensorcelled Hibernation
    48 | D        | Found a sacrificial altar of Ru.
    48 | D        | Found a basalt altar of Yredelemnul.
    48 | D        | Found a shadowy altar of Dithmenos.
    48 | D        | Found a deep blue altar of Sif Muna.
    48 | D        | Found a burning altar of Makhleb.
    48 | D        | Found a shimmering altar of Xom.
    48 | D        | Found an ancient bone altar of Kikubaaqudgha.
    48 | D        | Found a sparkling altar of Nemelex Xobeh.
    49 | D        | Found a glowing golden altar of the Shining One.
    49 | D        | Found a bloodstained altar of Trog.
    49 | D        | Found a shattered altar of Ashenzari.
    49 | D        | Found a white marble altar of Elyvilon.
    49 | D        | Found a snail-covered altar of Cheibriados.
    49 | D        | Found a blossoming altar of Fedhas.
    49 | D        | Found a radiant altar of Vehumet.
    49 | D        | Found a glowing silver altar of Zin.
    49 | D        | Found a corrupted altar of Lugonu.
    49 | D        | Found a viscous altar of Jiyva.
    49 | D        | Found a roughly hewn altar of Beogh.
    49 | D        | Found an iron altar of Okawaru.
    52 | D        | Became a worshipper of Dithmenos the Shadowed
    56 | D        | Found a stormy altar of Qazlal.
    56 | D        | Found an opulent altar of Gozag.
   132 | D        | Reached skill level 6 in Stealth
   134 | D        | Reached skill level 5 in Dodging
   134 | D        | Reached skill level 1 in Invocations
   134 | D        | Reached XP level 3. HP: 16/16 MP: 9/9
   141 | D        | Learned a level 3 spell: Confuse
   145 | D        | Learned a level 3 spell: Tukima's Dance
   158 | D        | Reached skill level 1 in Ice Magic
   318 | D        | Acquired Dithmenos's first power
   438 | D        | Noticed a flying skull
   438 | D        | Noticed an orc wizard
   446 | D        | Noticed a worker ant
   448 | D        | Noticed an orc priest
   453 | D        | Noticed a phantom
   753 | D        | Killed an orc priest
   753 | D        | Reached skill level 7 in Stealth
   753 | D        | Reached skill level 5 in Spellcasting
   753 | D        | Reached XP level 4. HP: 21/21 MP: 9/12
   766 | D        | Killed an orc wizard
   766 | D        | Acquired Dithmenos's second power
   766 | D        | Reached skill level 5 in Hexes
   857 | D        | Killed a worker ant
   857 | D        | Reached skill level 8 in Stealth
   886 | D        | Learned a level 3 spell: Dazzling Spray
   973 | D        | Acquired Dithmenos's third power
  1101 | D        | Killed a phantom
  1101 | D        | Reached skill level 9 in Stealth
  1101 | D        | Reached skill level 1 in Conjurations
  1101 | D        | Reached XP level 5. HP: 12/24 MP: 3/15
  1371 | D        | Killed a flying skull
  1371 | D        | Reached skill level 10 in Stealth
  1371 | D        | Reached XP level 6. HP: 28/28 MP: 13/17
  1398 | D        | Noticed a deep elf fighter
  1400 | D        | Killed a deep elf fighter
  1400 | D        | Reached skill level 5 in Short Blades
  1400 | D        | Reached skill level 10 in Dodging
  1400 | D        | Reached skill level 11 in Stealth
  1400 | D        | Reached XP level 7. HP: 32/32 MP: 17/19
  1402 | D        | Noticed an orange demon
  1404 | D        | Killed an orange demon
  1404 | D        | Acquired Dithmenos's fourth power
  1404 | D        | Reached skill level 12 in Stealth
  1406 | D        | Noticed a centaur
  1406 | D        | Noticed an ice beast
  1422 | D        | Killed a centaur
  1422 | D        | Reached skill level 5 in Invocations
  1429 | D        | Killed an ice beast
  1429 | D        | Reached XP level 8. HP: 36/36 MP: 8/22
  1605 | D        | Noticed a gnoll sergeant
  1605 | D        | Noticed a merfolk aquamancer
  1605 | D        | Noticed a water elemental
  1605 | D        | Noticed a water elemental
  1605 | D        | Noticed a merfolk
  1605 | D        | Noticed an orc warrior
  1614 | D        | Killed a water elemental
  1629 | D        | Killed from afar by a merfolk aquamancer

Vault maps used:
D:        pitsprint

Action                   |  1- 3 |  4- 6 |  7- 9 || total
-------------------------+-------+-------+-------++-------
Melee: Dagger            |    38 |    52 |    30 ||   120
 Cast: Corona            |     1 |       |       ||     1
       Ensorcelled Hiber |     6 |     5 |     6 ||    17
       Confuse           |     1 |     4 |       ||     5
       Dazzling Spray    |       |    10 |     2 ||    12
  Use: Potion            |       |     3 |     2 ||     5
 Stab: Sleeping          |     7 |     4 |     4 ||    15
       Confused          |       |     2 |       ||     2
       Invisible         |       |       |     1 ||     1
